 Dungeon Crawl Stone Soup version 0.29-a0-314-gb00dd7cb4b (webtiles) character file.

Game seed: 4769262453031430536

1257 HotDog the Cudgeller (level 8, 0/55 (79) HPs)
             Began as a Troll Fighter on Mar 29, 2022.
             Was an Initiate of Ru.
             Slain by a wight
             ... wielding a +2 vorpal hand axe
              (9 damage)
             ... on level 5 of the Dungeon.
             The game lasted 00:09:02 (5887 turns).

HotDog the Cudgeller (Troll Fighter)                Turns: 5887, Time: 00:09:02

HP:   0/55 (79)     AC:  4    Str: 27    XL:     8   Next: 26%
MP:   0/7           EV:  9    Int:  4    God:    Ru [......]
Gold: 149           SH:  7    Dex:  9    Spells: 7/7 levels left

rFire   . . .      SeeInvis .   a - +0 flail
rCold   . . .      Faith    .   c - +0 kite shield
rNeg    . . .      Spirit   +   b - +0 robe
rPois   .          Reflect  .   (helmet restricted)
rElec   .          Harm     .   (no cloak)
rCorr   .          Rampage  .   (gloves unavailable)
Will    .....      Rage     1%  (boots unavailable)
Stlth   +.........              p - amulet of guardian spirit
HPRegen 0.98/turn               (no ring)
MPRegen 0.10/turn               (no ring)

@: very heavily drained
A: large, unfitting armour, claws 3, regeneration 1, shaggy fur 1, tough skin 1,
berserk 1, passive freeze, no potion heal 1
a: Renounce Religion


You were on level 5 of the Dungeon.
You worshipped Ru.
Ru was noncommittal.
You visited 2 branches of the dungeon, and saw 7 of its levels.

You collected 149 gold pieces.

Inventory:

Hand Weapons
 a - a +0 flail (weapon)
 s - a +0 giant spiked club
Missiles
 k - a throwing net (quivered)
Armour
 b - a +0 robe (worn)
 c - a +0 kite shield (worn)
Jewellery
 p - an amulet of guardian spirit (around neck)
Wands
 r - a wand of polymorph (11)
 t - a wand of flame (7)
 v - a wand of paralysis (6)
Scrolls
 f - a scroll of summoning
 g - a scroll of magic mapping {unknown}
 h - a scroll of blinking
 i - 2 scrolls of torment {unknown}
 l - 2 scrolls of noise {unknown}
 o - 2 scrolls of teleportation {unknown}
 q - 2 scrolls of fog {unknown}
 u - a scroll of immolation {unknown}
Potions
 d - a potion of might
 m - a potion of lignification {unknown}
 n - 3 potions of brilliance {unknown}


   Skills:
 * Level 4.5 Fighting
 * Level 6.5 Maces & Flails
 * Level 4.4 Dodging
 + Level 3.6 Shields


You had 7 spell levels left.
You didn't know any spells.
Your spell library contained the following spells:

 Spells                   Type           Power      Damage    Failure   Level
 Foxfire                  Conj/Fire      0%         2x1d4     80%         1
 Blink                    Tloc           0%         N/A       90%         2
 Static Discharge         Conj/Air       0%         N/A       90%         2
 Call Canine Familiar     Summ           0%         N/A       99%         3
 Conjure Flame            Conj/Fire      0%         6-21      99%         3
 Inner Flame              Hex/Fire       0%         N/A       99%         3
 Portal Projectile        Hex/Tloc       0%         N/A       99%         3
 Dispel Undead            Necr           0%         3d6       100%        4
 Flame Wave               Conj/Fire      0%         2d4       100%        4
 Leda's Liquefaction      Hex/Erth       0%         N/A       100%        4
 Sticky Flame             Conj/Fire      0%         2d3       100%        4
 Manifold Assault         Tloc           0%         N/A       100%        5
 Storm Form               Tmut/Air       0%         N/A       100%        7


Dungeon Overview and Level Annotations

Branches:
Dungeon (6/15)             Temple (1/1) D:4

Altars:
Ashenzari
Cheibriados
Dithmenos
Elyvilon
Fedhas
Gozag
Hepliaklqana
Kikubaaqudgha
Makhleb
Nemelex Xobeh
Okawaru
Qazlal
Ru
Sif Muna
Trog
Vehumet
Wu Jian
Xom
Yredelemnul
Zin
The Shining One

Shops:
D:3 *


Innate Abilities, Weirdness & Mutations

You are too large for most types of armour.
You have claws for hands.
Your natural rate of healing is unusually fast.
You are covered in fur. (AC +1)
You have tough skin. (AC +1)
You tend to lose your temper in combat.
A frigid envelope surrounds you and freezes all who hurt you.
Potions are less effective at restoring your health.


Message History

You hit the wight but do no damage.
The wight is moderately damaged.
The wight barely misses you.
You are too injured to fight recklessly!
You hit the wight.
The wight is heavily damaged.
The wight hits you with a +2 vorpal hand axe!
The wight completely resists.
You hit the wight.
The wight is severely damaged.
The wight barely misses you.
You hit the wight but do no damage.
The wight is severely damaged.
The wight hits you with a +2 vorpal hand axe.
* * * LOW HITPOINT WARNING * * *
x2 The wight completely resists.
You closely miss the wight.
The wight is severely damaged.
You block the wight's attack.
The wight hits you with a +2 vorpal hand axe!
* * * LOW HITPOINT WARNING * * *
x2 The wight resists.
The wight is very cold.
The wight is severely damaged.
Your system partially rejects the healing.
You feel better. The wight barely misses you.
You closely miss the wight.
The wight is severely damaged.
The wight hits you with a +2 vorpal hand axe.
* * * LOW HITPOINT WARNING * * *
You feel drained.
* * * LOW HITPOINT WARNING * * *
x2 The wight resists.
The wight is very cold.
The wight is severely damaged.
Things that are here:
a +0 robe; a +3 long sword The wight attacks as you move away!
The wight barely misses you.
You hit the wight but do no damage.
The wight is severely damaged.
The wight hits you with a +2 vorpal hand axe!
You die...

#.......# #.....####.###.#
#.......# ####### #.###.#
#.##.#.## #.##..# #.##.#.#
######## #.##.## #.##.#.#
#......# #.##.## #.##.#.#
###.####.# #..(...
#......###.#.####.######..#
####<####.#..#............#
#.[...z@#.#.##.#######.#
######.........# #(#
##.######## #.# ### ##..
#... #.## #... #.## #.##


You could see a wight.

Vanquished Creatures
  Edmund (D:5)
  An ice beast (D:5)
  2 ogres (D:5)
  A phantom (D:4)
  A gnoll sergeant (D:5)
  2 scorpions (D:5)
  3 wights
  A hound (D:5)
  2 jellies (D:2)
  2 iguanas
  2 orc wizards (D:5)
  Jessica (D:2)
  Ijyb (D:4)
  8 gnolls
  9 adders
  A white imp (D:5)
  5 dart slugs
  4 orcs
  12 endoplasms
  3 giant cockroaches
  4 hobgoblins
  13 kobolds
  2 quokkas
  6 ball pythons
  A bat (D:2)
  2 frilled lizards
  2 goblins
  4 rats
96 creatures vanquished.

Vanquished Creatures (others)
  8 toadstools (D:2)
8 creatures vanquished.

Grand Total: 104 creatures vanquished

Notes
Turn   | Place    | Note
-------+----------+-------------------------------------------
     0 | D:1      | HotDog the Troll Fighter began the quest for the Orb.
     0 | D:1      | Reached XP level 1. HP: 22/22 MP: 0/0
   305 | D:1      | Reached XP level 2. HP: 29/29 MP: 1/1
   329 | D:1      | You fall into a shaft and drop 1 floor!
   417 | D:2      | Found a faded altar of an unknown god.
   573 | D:2      | Reached skill level 2 in Maces & Flails
   714 | D:2      | Reached XP level 3. HP: 36/36 MP: 2/2
   797 | D:2      | Noticed Jessica
   804 | D:2      | Killed Jessica
   910 | D:2      | Reached skill level 3 in Maces & Flails
   910 | D:2      | Reached XP level 4. HP: 20/44 MP: 3/3
  1260 | D:3      | Reached XP level 5. HP: 53/53 MP: 4/4
  1331 | D:3      | Found Ciob's Assorted Antiques.
  1631 | D:3      | Gained mutation: You tend to lose your temper in combat.
                  | [potion of mutation]
  1631 | D:3      | Gained mutation: Potions are less effective at restoring
                  | your health. [potion of mutation]
  1631 | D:3      | Gained mutation: A frigid envelope surrounds you and
                  | freezes all who hurt you. [potion of mutation]
  2244 | D:4      | Reached skill level 4 in Maces & Flails
  2404 | D:4      | Reached XP level 6. HP: 40/61 MP: 3/5
  2446 | D:4      | Noticed Ijyb
  2454 | D:4      | Killed Ijyb
  2542 | D:4      | Found a staircase to the Ecumenical Temple.
  2976 | Temple   | Entered the Ecumenical Temple
  3275 | Temple   | Became a worshipper of Ru the Awakened
  3434 | D:5      | Entered Level 5 of the Dungeon
  3475 | D:5      | Noticed an ice beast
  3494 | D:5      | Killed an ice beast
  3495 | D:5      | Reached skill level 5 in Maces & Flails
  3495 | D:5      | Reached XP level 7. HP: 27/68 MP: 1/6
  4028 | D:5      | Reached skill level 6 in Maces & Flails
  4415 | D:6      | Noticed Edmund
  4425 | D:6      | Reached XP level 8. HP: 57/76 MP: 4/7
  5694 | D:5      | Killed Edmund
  5697 | D:5      | HP: 3/65 [wight/+2 vorpal hand axe (3)]
  5880 | D:5      | HP: 2/55 [wight/+2 vorpal hand axe (1)]
  5887 | D:5      | Slain by a wight

Illustrated notes

Levels and vault maps discovered:
D:1:      psy_arrival_terrarium, layout_basic
D:2:      cheibrodos_fertilizer, layout_basic, nicolae_ecumenical_lake_church,
          uniq_jessica
D:3:      layout_basic, serial_shops, nicolae_diamond_shop, minmay_misc_feat_x
D:4:      layout_gridville, minmay_temple_entry_overgrown, uniq_ijyb
D:5:      layout_loops_cross, st_stairs_6
D:6:      layout_basic, lemuel_doored_altar, glass_columns_a, uniq_duvessa,
          uniq_edmund, uniq_maggie
Temple:   nicolae_temple_the_god_donut

Skill      XL: |  1  2  3  4  5  6  7 |
---------------+----------------------+-----
Maces & Flails | 2 3 4 5 6 |  6.5
Dodging        | 3 4 |  4.4
Fighting       | 3 4 |  4.5
Shields        | 3 |  3.6

Action                   |  1- 3 |  4- 6 |  7- 9 || total
-------------------------+-------+-------+-------++-------
Melee: Flail             |    99 |   128 |    56 ||   283
       Giant spiked club |       |       |     5 ||     5
  Use: Scroll            |       |     3 |     2 ||     5
       Potion            |       |     4 |     3 ||     7
 Stab: Sleeping          |     2 |       |       ||     2
Armor: Robe              |    39 |    30 |     5 ||    74
Dodge: Dodged            |    34 |    54 |    30 ||   118
Block: Kite shield       |    50 |    57 |    31 ||   138

Table legend: (Time is in decaauts)
 A = Elapsed time spent in this place.
 B = Non-inter-level travel time spent in this place.
 C = Inter-level travel time spent in this place.
 D = Time resting spent in this place.
 E = Time spent auto-exploring this place.
 F = Levels seen in this place.
 G = Mean time per level.
                   A        B        C        D        E       F      G
               +--------+--------+--------+--------+--------+-----+--------+
         Total |   6022 |   5703 |    319 |   1782 |   2937 |   7 |  860.3 |
       Dungeon |   5713 |   5424 |    289 |   1782 |   2702 |   6 |  952.2 |
        Temple |    308 |    278 |     30 |      0 |    235 |   1 |  308.0 |
               +--------+--------+--------+--------+--------+-----+--------+

Top non-repeatable levels by time:
     D:4: 2195 daAuts
     D:5: 1425 daAuts
     D:2: 941 daAuts
     D:3: 775 daAuts
     D:1: 341 daAuts
  Temple: 308 daAuts
     D:6: 34 daAuts
